 Dungeon Crawl Stone Soup version 0.32-a0-900-g30fb1b0edc (webtiles) character file.

Game seed: 1374133116610713382

47 Alarak the Trooper (level 3, -6/32 HPs)
             Began as a Barachi Hunter on Apr 5, 2024.
             Mangled by Crazy Yiuf
             ... wielding a +3 quarterstaff of chaos
              (10 damage)
             ... on level 2 of the Dungeon.
             The game lasted 00:03:03 (697 turns).

Alarak the Trooper (Barachi Hunter)                  Turns: 697, Time: 00:03:04

Health: -6/32      AC:  4    Str: 12    XL:     3   Next: 70%
Magic:  0/3        EV: 11    Int:  9    God:
Gold:   33         SH:  0    Dex: 17    Spells: 2/2 levels left

rFire   . . .        a - +0 shortbow
rCold   . . .        (shield currently unavailable)
rNeg    . . .        c - +0 leather armour
rPois   .            (no helmet)
rElec   .            f - +0 cloak
rCorr   .            (no gloves)
SInv    .            (no boots)
Will    .....        (no amulet)
Stlth   ++           (no ring)
HPRegen 0.25/turn    (no ring)
MPRegen 0.08/turn

%: no passive effects
@: unable to hop, slow
A: amphibious, slowness 1, strong legs 1, +LOS
a: Hop


You were on level 2 of the Dungeon.
You visited 1 branch of the dungeon, and saw 2 of its levels.

You collected 33 gold pieces.

Inventory:

Hand Weapons
 a - a +0 shortbow (weapon)
 e - a +2 dagger of venom
Armour
 c - a +0 leather armour (worn)
 f - a +0 cloak (worn)
Scrolls
 g - a scroll of identify
 k - a scroll of revelation
Potions
 d - 2 potions of haste
 h - 2 potions of mutation {unknown}
 i - a potion of curing {unknown}
 j - a potion of enlightenment {unknown}
 m - a potion of attraction {unknown}


   Skills:
 + Level 4.8 Fighting
 - Level 4.0 Ranged Weapons
 - Level 2.1 Dodging
 - Level 0.8 Stealth


You had 2 spell levels left.
You didn't know any spells.
Your spell library was empty.

Dungeon Overview and Level Annotations

Branches:
Dungeon (2/15)

Altars:

Annotations:
D:2 Crazy Yiuf


Innate Abilities, Weirdness & Mutations

You are amphibious.
You cover ground slowly.
You can hop short distances.
You have an extended range of vision and can be seen from far away.


Message History

You shoot an arrow. The arrow hits Crazy Yiuf.
Crazy Yiuf is moderately wounded.
Hop to where?
Press: ? - help, Q - select action, (/) - cycle Dir - move target, p - Crazy Yiuf Boing!
You shoot an arrow.
The arrow hits Crazy Yiuf but does no damage.
Crazy Yiuf is moderately wounded.
Crazy Yiuf hits you with a +3 quarterstaff of chaos!
You suddenly lose the ability to move!
You can move again.
You shoot an arrow. The arrow completely misses Crazy Yiuf.
Crazy Yiuf hits you with a +3 quarterstaff of chaos!
You are too injured to fight recklessly!
You are too injured to fight recklessly!
You are too injured to fight recklessly!
You shoot an arrow. The arrow hits Crazy Yiuf!
Crazy Yiuf is severely wounded.
Crazy Yiuf hits you with a +3 quarterstaff of chaos!
* * * LOW HITPOINT WARNING * * *
You feel your power leaking away.
As you read the scroll of butterflies, it crumbles to dust.
You hear the flapping of tiny wings.
Crazy Yiuf is knocked back by the sudden gust.
You swap places.
Crazy Yiuf cries, "Ice!"
Crazy Yiuf barely misses your butterfly.
Crazy Yiuf closely misses your butterfly.
Crazy Yiuf is nearby!
Fire: a) +0 shortbow
Press: ? - help, Shift-Dir - straight line, f/p - Crazy Yiuf
Aim: Crazy Yiuf, wielding a +3 quarterstaff of chaos and wearing a +0 cloak of poison resistance (severely wounded, ally target, 68% to hit)
You shoot an arrow.
The arrow hits Crazy Yiuf but does no damage.
Crazy Yiuf is severely wounded.
Crazy Yiuf screams, "Tosser blue green!"
You shoot an arrow. The arrow hits Crazy Yiuf.
Crazy Yiuf is severely wounded.
Crazy Yiuf hits you with a +3 quarterstaff of chaos!
You die...

*,*,,,,,,* *.b.*
#............, *,*,,,,,,*
*#'#* #...#########*
*,*,,,,,,* #b##
#...........>, *,*,,,,,,*
##g# #.##....#####*
*,,,,,,,,* #.##
#.##........,, *****,****
##.# #.##....#####* * *,,,,*
##.## #.##......,,,, * *,,,,*
##..g# #.##........,, *
*,,,,* #.b#@# #.##........,,
* *,,,,* ##..##
#.##......<.., **
*,,,,***#..))###.##.....####*
,* *,,,,,,*#b.......#*****,*
* ,* *,,,,,,*##.......# *,* *
,****,,,,,,* #######.#* ***,*
* ***,,,,,,,,* *#..#**,,,* *
**,,,,,,,** *.....*,*,* *
*,,,,,,,,* #.....#,*,*****


You could see Crazy Yiuf (ally target).

Vanquished Creatures
  A dart slug (D:2)
  9 endoplasms (D:1)
  2 giant cockroaches (D:1)
  4 goblins
  4 hobgoblins (D:1)
  2 quokkas
  2 ball pythons (D:2)
  4 bats (D:1)
  11 frilled lizards (D:1)
  A kobold (D:1)
  A rat (D:1)
41 creatures vanquished.

Notes
Turn   | Place    | Note
-------+----------+-------------------------------------------
     0 | D:1      | Alarak the Barachi Hunter began the quest for the Orb.
     0 | D:1      | Reached XP level 1. HP: 17/17 MP: 1/1
    50 | D:1      | Reached XP level 2. HP: 24/24 MP: 2/2
   171 | D:1      | Reached XP level 3. HP: 30/30 MP: 3/3
   680 | D:2      | Found a runed translucent door.
   681 | D:2      | Noticed Crazy Yiuf
   688 | D:2      | Paralysed by Crazy Yiuf for 1 turns
   697 | D:2      | Mangled by Crazy Yiuf

Illustrated notes

Levels and vault maps discovered:
D:1:      lemuel_arrival_broad_hall, layout_rooms, minmay_lizard_pond
D:2:      layout_basic, serial_co_window_serial, co_window_corner_a,
          co_window_corner_a, co_window_paths_b, co_window_of_opportunity_a,
          co_window_paths_b, co_window_corner_b, co_window_corner_cb,
          co_window_2corner, co_window_unsneaky_path_d, co_window_paths_e,
          glass_columns_a, glass_columns_a, uniq_crazy_yiuf_cottage

Skill      XL: |  1  2 |
---------------+-------+-----
Fighting       | 3 4 |  4.8
Ranged Weapons | |  4.0
Dodging        | |  2.1
Stealth        | |  0.8

Action                     || total
---------------------------++-------
   Fire: Shortbow          ||   114
Ability: Hop               ||     3
    Use: Scroll            ||     6
 Armour: Leather armour    ||    15
  Dodge: Dodged            ||    15

Table legend: (Time is in decaauts)
 A = Elapsed time spent in this place.
 B = Non-inter-level travel time spent in this place.
 C = Inter-level travel time spent in this place.
 D = Time resting spent in this place.
 E = Time spent auto-exploring this place.
 F = Levels seen in this place.
 G = Mean time per level.
                   A        B        C        D        E       F      G
               +--------+--------+--------+--------+--------+-----+--------+
         Total |    827 |    731 |     96 |     13 |    491 |   2 |  413.5 |
       Dungeon |    827 |    731 |     96 |     13 |    491 |   2 |  413.5 |
               +--------+--------+--------+--------+--------+-----+--------+

Top non-repeatable levels by time:
     D:1: 694 daAuts
     D:2: 133 daAuts
